 Dungeon Sprint DCSS version 0.16-a0-3636-gf0307c9 (webtiles) character file.

66836 BluebellGnoll the Talismancer (level 14, -2/166 HPs)
             Began as a Deep Dwarf Berserker on Jan 14, 2015.
             Was the Champion of Trog.
             Slain by Mennas
             ... wielding a +4 scimitar of holy wrath
              (10 damage)
             ... in the Dungeon (Sprint IX: "|||||||||||||||||||||||||||||") on Jan 15, 2015.
             The game lasted 00:51:32 (2765 turns).

BluebellGnoll the Talismancer (DDBe)                Turns: 2765, Time: 00:51:33

Health: -2/166     AC: 30    Str: 24    XL:     14   Next: 80%
Magic:  21/21      EV: 15    Int: 11    God:    Trog [******]
Gold:   261        SH:  0    Dex: 17    Spells: 0 memorised, 13 levels left

rFire  + . .     SeeInvis .     v - +4 battleaxe (chop)
rCold  . . .     Clarity  .     W - +4 plate armour {rF+}
rNeg   + . .     SustAb   .     (no shield)
rPois  .         Gourm    .     z - +2 hat {Int+3}
rElec  .         Spirit   .     F - +2 cloak
rCorr  .         Warding  .     Y - +2 pair of gloves {Dex+3}
rMut   .         NoTele   +     a - +0 pair of boots
MR     +++..                    (no amulet)
Stlth  ..........               S - ring of protection from magic
                                T - ring of invisibility

@: exhausted, non-regenerating, slowed, glowing, very slow, extremely resistant
to hostile enchantments, extremely unstealthy
A: damage resistance, recharge devices, negative energy resistance 1, sense
surroundings 2, slow healing 3
a: Device Recharging, Burn Spellbooks, Berserk, Trog's Hand, Brothers in Arms,
Renounce Religion, Evoke Invisibility


You were in the Dungeon.
You worshipped Trog.
Trog was exalted by your worship.
You were very hungry.

You visited 1 branch You collected 1928 gold pieces.
You spent 1667 gold pieces at shops.

Inventory:

Hand weapons
 m - a +3 broad axe of freezing
 p - a +3 antimagic executioner's axe
 v - a +4 battleaxe of chopping (weapon)
 G - the +5 triple sword of Suh Irph {freeze, +Blink rC++ rN+ Str+3 Int+2}
   (Trog gifted it to you in the Dungeon)

   It has been specially enchanted to freeze those struck by it, causing extra
   injury to most foes and up to half again as much damage against particularly
   susceptible opponents.
   It can also slow down cold-blooded creatures.
   It affects your strength (+3).
   It affects your intelligence (+2).
   It greatly protects you from cold.
   It protects you from negative energy.
   It lets you blink.
Missiles
 n - 15 poisoned javelins (quivered)
 o - 11 javelins of penetration
 q - 7 tomahawks of dispersal
 t - 8 poisoned tomahawks
 y - 10 tomahawks of returning
 A - 3 javelins of returning
 I - 5 silver tomahawks
 J - 8 tomahawks
Armour
 a - a +0 pair of boots (worn)
 z - a +2 hat of intelligence (worn)
 F - a +2 cloak (worn)
 W - a +4 plate armour of fire resistance (worn)
 Y - a +2 pair of gloves of dexterity (worn)
Jewellery
 O - an uncursed ring of protection from cold
 P - an uncursed ring of fire
 Q - an uncursed ring of positive energy
 R - an uncursed ring of ice
 S - a ring of protection from magic (right hand)
 T - a ring of invisibility (left hand)
Magical devices
 c - a wand of heal wounds (5)
 l - a wand of fire (4)
 E - a wand of teleportation (5)
Scrolls
 j - 2 scrolls of blinking
 k - 2 scrolls of remove curse
 w - 2 scrolls of fog
 x - 3 scrolls of recharging
 K - a scroll of fear
Potions
 b - a potion of cancellation {unknown}
 e - 6 potions of curing
 f - 6 potions of heal wounds
 g - a potion of invisibility
 h - 4 potions of magic
 i - a potion of berserk rage
 s - a potion of haste
 u - a potion of restore abilities
 M - a potion of mutation {unknown}
Books
 N - a tome of Destruction
 U - a book of Flames

   Spells                             Type                      Level
   a - Flame Tongue                   Conjuration/Fire             1
   b - Throw Flame                    Conjuration/Fire             2
   c - Conjure Flame                  Conjuration/Fire             3
   d - Inner Flame                    Hexes/Fire                   3
   e - Sticky Flame                   Conjuration/Fire             4
   f - Fireball                       Conjuration/Fire             5
   Trog disapproves of the use of such an item.
 V - a book of Changes

   Spells                             Type                      Level
   a - Beastly Appendage              Transmutation                1
   b - Sticks to Snakes               Transmutation                2
   c - Spider Form                    Transmutation/Poison         3
   d - Ice Form                       Ice/Transmutation            4
   e - Blade Hands                    Transmutation                5
   Trog disapproves of the use of such an item.
Comestibles
 d - 13 bread rations
 B - 40 fruits
 C - 12 meat rations


   Skills:
 + Level 21.6 Fighting
 - Level 11.4 Long Blades
 - Level 3.2 Axes
 - Level 16.4 Throwing
 - Level 13.1 Armour
 - Level 13.9 Dodging
 O Level 27 Evocations


You had 13 spell levels left.
You didn't know any spells.

Dungeon Overview and Level Annotations

Branches:
Dungeon (1/1)

Altars:
Cheibriados
Dithmenos
Elyvilon
Fedhas
Gozag
Kikubaaqudgha
Makhleb
Nemelex Xobeh
Okawaru
Qazlal
Ru
Sif Muna
Trog
Vehumet
Xom
Yredelemnul
Zin
The Shining One
Beogh
Jiyva
Lugonu

Shops:
D (:[=

Annotations:
D Mara, Mennas


Innate Abilities, Weirdness & Mutations

You are resistant to damage.
You can recharge devices by infusing magical energy.
You resist negative energy.
You passively map the area around you.
You do not heal naturally.


Message History

Mennas is severely wounded.
Mennas gestures frantically.
Mennas is healed somewhat.
Mennas hits you with a scimitar of holy wrath.
Mennas closely misses you.
You closely miss Mennas.
Mennas is severely wounded.
You are no longer berserk.
You are exhausted.
You feel yourself slow down.
You are feeling very hungry.
Mennas hits you but does no damage.
Mennas hits you with a scimitar of holy wrath!
* * * LOW HITPOINT WARNING * * *
You slash Mennas!
Mennas is severely wounded.
Mennas gestures frantically.
Mennas is healed somewhat.
Mennas hits you with a scimitar of holy wrath!
You die...

.................................
▓▓▓♣♣♣♣♣♣♣♣♣♣▓▓▓▓▓▓▓▓▓▓▓▓▓▓▓▓▓▓▓▓
...')).))...)'[.[).....+..)...))[
▓▓▓♣♣♣♣♣♣♣♣♣♣▓▓▓▓▓▓▓▓▓▓▓▓▓▓▓▓▓▓▓▓
...))....[.).....................
▓▓▓▓▓▓▓▓▓▓▓▓▓▓▓▓▓▓▓▓▓▓▓▓▓▓▓▓▓▓▓▓▓
....((((((.())()..(....=+()))))).
▓▓▓▓▓▓▓▓▓▓▓▓▓▓▓▓▓▓▓▓▓▓▓▓▓▓▓▓▓▓▓▓▓
, , ,(.((...A@................ *
* * ▓▓▓▓▓▓▓▓▓▓▓▓▓▓▓▓▓▓▓▓▓▓▓▓▓ , ,
,,,, , ,, , , , , ** * * * * ** *
, , , , , , , * * ** * ** , , , ,
, ,, , *** * **** * ** , , , ,


You could see Mennas.

Vanquished Creatures
  Jory (D)
  Frederick (D)
  2 fire giants (D)
  A player illusion (D)
  A frost giant (D)
  2 vault wardens (D)
  Gastronok (D)
  An ironheart preserver (D)
  5 stone giants (D)
  A very ugly thing (D)
  2 ettins (D)
  3 merfolk impalers (D)
  A yaktaur captain (D)
  A great orb of eyes (D)
  3 ice dragons (D)
  2 hydras (D)
  An ogre mage (D)
  A naga warrior (D)
  A spriggan air mage (D)
  An anaconda (D)
  A deep troll shaman (D)
  A merfolk aquamancer (D)
  3 centaur warriors (D)
  A shock serpent (D)
  A spriggan berserker (D)
  5 orc high priests (D)
  2 sea snakes (D)
  2 swamp dragons (D)
  2 spriggan druids (D)
  A deep elf summoner (D)
  A necromancer (D)
  An ironbrand convoker (D)
  A wizard (D)
  A deep elf conjurer (D)
  4 orc knights (D)
  2 wolf spiders (D)
  2 manticores (D)
  An orb spider (D)
  3 cyclopes (D)
  3 ugly things (D)
  5 orc sorcerers (D)
  2 hornets (D)
  2 vault sentinels (D)
  Maurice (D)
  An elephant (D)
  A torpor snail (D)
  4 black mambas (D)
  6 spiny frogs (D)
  3 yaktaurs (D)
  2 komodo dragons (D)
  A demonic crawler (D)
  A freezing wraith (D)
  A merfolk (D)
  3 giant leeches (D)
  A jumping spider (D)
  A blink frog (D)
  A shadow (D)
  A trapdoor spider (D)
  A yak (D)
  A redback (D)
  A deep elf mage (D)
  A basilisk (D)
  A tarantella (D)
  2 vampire mosquitoes (D)
  2 porcupines (D)
  A swamp drake (D)
  11 orc warriors (D)
  2 water moccasins (D)
  A centaur (D)
  A big kobold (D)
  2 crocodiles (D)
  A scorpion (D)
  A giant frog (D)
  A crimson imp (D)
  A hound (D)
  3 orc priests (D)
  An orc wizard (D)
  4 worker ants (D)
  An iguana (D)
  A river rat (D)
  An adder (D)
  An adder zombie (D)
  12 orcs (D)
  5 bats (D)
  A goblin (D)
  A kobold (D)
  3 rats (D)
172 creatures vanquished.

Vanquished Creatures (collateral kills)
  A naga warrior (D)
  A naga ritualist (D)
  A salamander (D)
  A wyvern (D)
  An ice beast (D)
  An ogre (D)
  An adder skeleton (D)
7 creatures vanquished.

Vanquished Creatures (others)
  A stone giant (D)
  2 yaktaur captains (D)
  A giant orange brain (D)
  A hill giant (D)
  A salamander (shapeshifter) (D)
  A troll (D)
  A golden eye (shapeshifter) (D)
  An ogre (D)
9 creatures vanquished.

Grand Total: 188 creatures vanquished

Notes
Turn   | Place    | Note
--------------------------------------------------------------
     0 | D        | BluebellGnoll, the Deep Dwarf Berserker, began the quest for the Orb.
     0 | D        | Reached XP level 1. HP: 20/20 MP: 1/1
    12 | D        | Acquired Trog's second power
    15 | D        | Reached skill level 4 in Evocations
    29 | D        | Noticed a worker ant
    29 | D        | Noticed a scorpion
    38 | D        | Reached skill level 5 in Evocations
    42 | D        | Killed a worker ant
    42 | D        | Reached skill level 8 in Evocations
    42 | D        | Reached XP level 2. HP: 27/27 MP: 2/4
    42 | D        | Reached XP level 3. HP: 33/33 MP: 3/7
    52 | D        | Killed a scorpion
    52 | D        | Acquired Trog's third power
    52 | D        | Reached skill level 11 in Evocations
    52 | D        | Reached XP level 4. HP: 40/40 MP: 4/11
    60 | D        | Found a glowing silver altar of Zin.
    60 | D        | Found a glowing golden altar of the Shining One.
    60 | D        | Found an ancient bone altar of Kikubaaqudgha.
    60 | D        | Found a basalt altar of Yredelemnul.
    60 | D        | Found a shimmering altar of Xom.
    60 | D        | Found a radiant altar of Vehumet.
    60 | D        | Found an iron altar of Okawaru.
    61 | D        | Found a burning altar of Makhleb.
    62 | D        | Found a deep blue altar of Sif Muna.
    63 | D        | Found a bloodstained altar of Trog.
    64 | D        | Found a sparkling altar of Nemelex Xobeh.
    65 | D        | Found a white marble altar of Elyvilon.
    66 | D        | Found a roughly hewn altar of Beogh.
    67 | D        | Found a viscous altar of Jiyva.
    68 | D        | Found a corrupted altar of Lugonu.
    69 | D        | Found a blossoming altar of Fedhas.
    70 | D        | Found a snail-covered altar of Cheibriados.
    71 | D        | Found a shadowy altar of Dithmenos.
    72 | D        | Found a stormy altar of Qazlal.
    73 | D        | Found an opulent altar of Gozag.
    74 | D        | Found a sacrificial altar of Ru.
    92 | D        | Got the +2 scimitar of Untruth {flame, +Blink rF+ MP+9}
   130 | D        | Noticed an ogre
   130 | D        | Noticed an ice beast
   130 | D        | Noticed a wyvern
   130 | D        | Noticed a worker ant
   130 | D        | Noticed a worker ant
   131 | D        | Killed an ogre
   137 | D        | Killed an ice beast
   137 | D        | Reached XP level 5. HP: 46/46 MP: 14/14
   140 | D        | Killed a wyvern
   144 | D        | Killed a worker ant
   144 | D        | Reached XP level 6. HP: 55/55 MP: 17/17
   149 | D        | Killed a worker ant
   166 | D        | Noticed a big kobold
   166 | D        | Noticed a crimson imp
   166 | D        | Noticed a deep elf mage
   166 | D        | Noticed a white ugly thing
   166 | D        | Noticed a worker ant
   166 | D        | Noticed an orc warrior
   168 | D        | Killed a big kobold
   168 | D        | Reached skill level 13 in Evocations
   168 | D        | Killed a deep elf mage
   168 | D        | Received a gift from Trog
   168 | D        | Reached skill level 15 in Evocations
   168 | D        | Reached XP level 7. HP: 56/61 MP: 17/21
   168 | D        | Killed a worker ant
   169 | D        | Killed an orc warrior
   169 | D        | Reached skill level 16 in Evocations
   170 | D        | Killed a white ugly thing
   170 | D        | Reached skill level 18 in Evocations
   170 | D        | Reached XP level 8. HP: 64/68 MP: 18/25
   184 | D        | Killed a crimson imp
   184 | D        | Reached skill level 19 in Evocations
   311 | D        | Noticed a porcupine
   311 | D        | Noticed an iguana
   311 | D        | Noticed a yak
   311 | D        | Noticed a komodo dragon
   311 | D        | Noticed a spiny frog
   313 | D        | Noticed a crocodile
   314 | D        | Killed a porcupine
   317 | D        | Noticed a komodo dragon
   319 | D        | Killed an iguana
   324 | D        | Killed a komodo dragon
   324 | D        | Received a gift from Trog
   324 | D        | Killed a spiny frog
   324 | D        | Killed a crocodile
   324 | D        | Killed a komodo dragon
   324 | D        | Reached skill level 10 in Fighting
   324 | D        | Gained mutation: You passively map the area around you. [level up]
   324 | D        | Reached XP level 9. HP: 54/93 MP: 26/26
   325 | D        | Killed a yak
   332 | D        | Received a gift from Trog
   345 | D        | Noticed a black mamba
   345 | D        | Noticed a blink frog
   345 | D        | Noticed a spiny frog
   345 | D        | Noticed an elephant
   345 | D        | Noticed a crocodile
   345 | D        | Noticed a porcupine
   345 | D        | Noticed a hound
   346 | D        | Killed a black mamba
   346 | D        | Reached skill level 10 in Long Blades
   347 | D        | Killed a spiny frog
   347 | D        | Killed a porcupine
   351 | D        | Killed an elephant
   351 | D        | Reached skill level 5 in Throwing
   351 | D        | Killed a crocodile
   356 | D        | Killed a hound
   359 | D        | Received a gift from Trog
   386 | D        | Killed a blink frog
   438 | D        | Noticed a black mamba
   441 | D        | Killed a black mamba
   441 | D        | Received a gift from Trog
   444 | D        | Noticed a spiny frog
   453 | D        | Killed a spiny frog
   453 | D        | Reached XP level 10. HP: 84/103 MP: 27/27
   465 | D        | Noticed a giant leech
   465 | D        | Noticed a spiny frog
   465 | D        | Noticed a vampire mosquito
   465 | D        | Noticed a giant frog
   465 | D        | Noticed a giant leech
   465 | D        | Noticed a vampire mosquito
   465 | D        | Noticed a spiny frog
   466 | D        | Killed a vampire mosquito
   466 | D        | Killed a giant frog
   467 | D        | Killed a spiny frog
   468 | D        | Killed a vampire mosquito
   469 | D        | Killed a giant leech
   469 | D        | Killed a giant leech
   469 | D        | Received a gift from Trog
   471 | D        | Killed a spiny frog
   472 | D        | Noticed a giant leech
   482 | D        | Killed a giant leech
   488 | D        | Received a gift from Trog
   545 | D        | Noticed Gastronok
   579 | D        | Killed Gastronok
   579 | D        | Received a gift from Trog
   582 | D        | Received a gift from Trog
   629 | D        | Noticed Maurice
   635 | D        | Killed Maurice
   695 | D        | Noticed an orc knight
   695 | D        | Noticed an orc priest
   695 | D        | Noticed an orc priest
   697 | D        | Killed an orc priest
   697 | D        | Killed an orc priest
   697 | D        | Received a gift from Trog
   699 | D        | Noticed an orc priest
   701 | D        | Killed an orc knight
   701 | D        | Killed an orc priest
   719 | D        | Received a gift from Trog
   720 | D        | Got an ancient triple sword {god gift}
   738 | D        | Noticed an orc warrior
   742 | D        | Killed an orc warrior
   748 | D        | Received a gift from Trog
   756 | D        | Received a gift from Trog
   764 | D        | Noticed an orc warrior
   764 | D        | Noticed an orc warrior
   764 | D        | Noticed an orc warrior
   764 | D        | Noticed an orc knight
   764 | D        | Noticed an orc warrior
   764 | D        | Noticed an orc sorcerer
   764 | D        | Noticed an orc wizard
   765 | D        | Killed an orc warrior
   765 | D        | Killed an orc warrior
   765 | D        | Reached XP level 11. HP: 110/110 MP: 25/27
   766 | D        | Noticed an orc warrior
   766 | D        | Killed an orc warrior
   768 | D        | Killed an orc sorcerer
   768 | D        | Killed an orc warrior
   771 | D        | Noticed an orc warrior
   771 | D        | Killed an orc knight
   771 | D        | Reached skill level 20 in Evocations
   773 | D        | Killed an orc wizard
   774 | D        | Noticed an orc knight
   775 | D        | Killed an orc warrior
   775 | D        | Received a gift from Trog
   777 | D        | Killed an orc warrior
   779 | D        | Noticed an orc warrior
   787 | D        | Killed an orc knight
   787 | D        | Reached skill level 21 in Evocations
   796 | D        | Noticed an orc warrior
   803 | D        | Killed an orc warrior
   810 | D        | Killed an orc warrior
   817 | D        | Received a gift from Trog
  1024 | D        | Found Cuag's Weapon Emporium.
  1024 | D        | Noticed an orc high priest
  1024 | D        | Noticed an orc high priest
  1024 | D        | Noticed an orc high priest
  1024 | D        | Noticed an orc high priest
  1024 | D        | Noticed an orc sorcerer
  1025 | D        | Found Kiskesk's Book Shoppe.
  1026 | D        | Noticed an orc high priest
  1027 | D        | Killed an orc high priest
  1027 | D        | Reached skill level 5 in Armour
  1027 | D        | Killed an orc sorcerer
  1028 | D        | Killed an orc high priest
  1028 | D        | Killed an orc high priest
  1033 | D        | Killed an orc high priest
  1033 | D        | Received a gift from Trog
  1033 | D        | Reached skill level 10 in Armour
  1034 | D        | Killed an orc high priest
  1043 | D        | Found Otewk's Armour Emporium.
  1046 | D        | Noticed an orc sorcerer
  1051 | D        | Noticed an orc sorcerer
  1051 | D        | Found Vuohaita's Jewellery Shoppe.
  1052 | D        | Received a gift from Trog
  1052 | D        | Killed an orc sorcerer
  1054 | D        | Noticed an orc sorcerer
  1055 | D        | Killed an orc sorcerer
  1060 | D        | Killed an orc sorcerer
  1060 | D        | Received a gift from Trog
  1076 | D        | Bought 2 tomahawks for 12 gold pieces
  1080 | D        | Bought a tome of Destruction for 210 gold pieces
  1290 | D        | Bought an uncursed ring of protection from magic for 275 gold pieces
  1290 | D        | Bought an uncursed ring of invisibility for 330 gold pieces
  1306 | D        | Bought a book of Flames for 490 gold pieces
  1306 | D        | Bought a book of Changes for 350 gold pieces
  1479 | D        | Noticed a centaur
  1479 | D        | Noticed a freezing wraith
  1479 | D        | Noticed an orc warrior
  1479 | D        | Noticed a manticore
  1479 | D        | Noticed a basilisk
  1479 | D        | Noticed a yaktaur
  1479 | D        | Noticed a centaur warrior
  1480 | D        | Noticed a manticore
  1481 | D        | Killed a centaur
  1482 | D        | Killed a freezing wraith
  1485 | D        | Killed an orc warrior
  1485 | D        | Killed a manticore
  1485 | D        | Received a gift from Trog
  1485 | D        | Reached skill level 22 in Evocations
  1485 | D        | Killed a basilisk
  1486 | D        | Noticed a cyan ugly thing
  1488 | D        | Noticed a stone giant
  1489 | D        | Killed a yaktaur
  1489 | D        | Reached XP level 12. HP: 118/118 MP: 27/27
  1491 | D        | Noticed a purple very ugly thing
  1493 | D        | Noticed a necromancer
  1494 | D        | Killed a centaur warrior
  1495 | D        | Noticed a wizard
  1495 | D        | Killed a manticore
  1495 | D        | Reached skill level 23 in Evocations
  1495 | D        | Killed a cyan ugly thing
  1497 | D        | Killed a stone giant
  1497 | D        | Reached skill level 24 in Evocations
  1497 | D        | Killed a necromancer
  1497 | D        | Received a gift from Trog
  1499 | D        | Noticed an ettin
  1499 | D        | Killed a purple very ugly thing
  1501 | D        | Killed a wizard
  1501 | D        | Reached skill level 25 in Evocations
  1504 | D        | Killed an ettin
  1513 | D        | Received a gift from Trog
  1537 | D        | Noticed an ettin
  1546 | D        | Killed an ettin
  1663 | D        | Noticed a seven-headed hydra
  1663 | D        | Noticed a four-headed hydra
  1663 | D        | Noticed a swamp dragon
  1663 | D        | Noticed a spriggan druid
  1663 | D        | Noticed a water moccasin
  1663 | D        | Noticed a shadow
  1663 | D        | Noticed a spriggan druid
  1665 | D        | Killed a spriggan druid
  1665 | D        | Reached skill level 10 in Throwing
  1666 | D        | Killed a seven-headed hydra
  1666 | D        | Received a gift from Trog
  1666 | D        | Killed a four-headed hydra
  1666 | D        | Killed a water moccasin
  1667 | D        | Noticed a swamp drake
  1668 | D        | Killed a swamp dragon
  1668 | D        | Received a gift from Trog
  1668 | D        | Killed a shadow
  1669 | D        | Noticed a spiny frog
  1671 | D        | Killed a swamp drake
  1675 | D        | Killed a spriggan druid
  1675 | D        | Killed a spiny frog
  1691 | D        | Received a gift from Trog
  1698 | D        | Noticed a swamp dragon
  1705 | D        | Killed a swamp dragon
  1705 | D        | Received a gift from Trog
  1725 | D        | Gained mutation: You tend to lose your temper in combat. [mutagenic glow]
  1733 | D        | Noticed a sea snake
  1733 | D        | Noticed a merfolk impaler
  1733 | D        | Noticed a cyclops
  1733 | D        | Noticed a merfolk impaler
  1733 | D        | Noticed a cyclops
  1733 | D        | Noticed a merfolk aquamancer
  1733 | D        | Noticed a merfolk
  1736 | D        | Killed a merfolk impaler
  1736 | D        | Killed a cyclops
  1737 | D        | Killed a sea snake
  1737 | D        | Reached XP level 13. HP: 124/124 MP: 28/28
  1737 | D        | Killed a cyclops
  1739 | D        | Noticed a sea snake
  1739 | D        | Killed a merfolk impaler
  1740 | D        | Noticed a merfolk impaler
  1740 | D        | Killed a merfolk
  1741 | D        | Killed a merfolk aquamancer
  1741 | D        | Received a gift from Trog
  1746 | D        | Killed a sea snake
  1746 | D        | Reached skill level 15 in Throwing
  1753 | D        | Killed a merfolk impaler
  1753 | D        | Received a gift from Trog
  1773 | D        | Received a gift from Trog
  1790 | D        | Identified the +5 triple sword of Suh Irph {freeze, +Blink rC++ rN+ Str+3 Int+2} (Trog gifted it to you in the Dungeon)
  1934 | D        | Upgraded the game from 0.16-a0-3625-g2624681 to 0.16-a0-3636-gf0307c9
  1938 | D        | Noticed an orb spider
  1938 | D        | Noticed a hornet
  1938 | D        | Noticed a wolf spider
  1938 | D        | Noticed a demonic crawler
  1938 | D        | Noticed a hornet
  1939 | D        | Killed an orb spider
  1940 | D        | Killed a hornet
  1940 | D        | Noticed a trapdoor spider
  1941 | D        | Noticed a tarantella
  1941 | D        | Noticed a jumping spider
  1942 | D        | Killed a jumping spider
  1942 | D        | Killed a wolf spider
  1946 | D        | Killed a trapdoor spider
  1947 | D        | Killed a hornet
  1947 | D        | Received a gift from Trog
  1947 | D        | Killed a tarantella
  1950 | D        | Killed a demonic crawler
  1950 | D        | Received a gift from Trog
  2047 | D        | Noticed a black mamba
  2047 | D        | Noticed a naga ritualist
  2047 | D        | Noticed a salamander
  2047 | D        | Noticed a naga warrior
  2047 | D        | Noticed a shock serpent
  2047 | D        | Noticed a water moccasin
  2047 | D        | Noticed a naga warrior
  2048 | D        | Killed a black mamba
  2051 | D        | Killed a naga ritualist
  2056 | D        | Killed a naga warrior
  2062 | D        | Killed a salamander
  2062 | D        | Received a gift from Trog
  2064 | D        | Killed a shock serpent
  2064 | D        | Killed a water moccasin
  2065 | D        | Noticed an anaconda
  2067 | D        | Killed an anaconda
  2069 | D        | Noticed a black mamba
  2073 | D        | Killed a naga warrior
  2078 | D        | Killed a black mamba
  2078 | D        | Received a gift from Trog
  2170 | D        | Noticed Frederick
  2180 | D        | Killed Frederick
  2233 | D        | Noticed a golden eye
  2233 | D        | Noticed a stone giant
  2233 | D        | Noticed a great orb of eyes
  2233 | D        | Noticed a torpor snail
  2233 | D        | Noticed a stone giant
  2233 | D        | Noticed a yaktaur captain
  2233 | D        | Noticed a stone giant
  2234 | D        | Killed a golden eye
  2236 | D        | Killed a torpor snail
  2237 | D        | Killed a great orb of eyes
  2238 | D        | Noticed an ice dragon
  2238 | D        | Killed a stone giant
  2238 | D        | Reached skill level 15 in Fighting
  2239 | D        | Noticed a deep elf summoner
  2239 | D        | Killed a stone giant
  2240 | D        | Noticed a spriggan berserker
  2240 | D        | Killed a yaktaur captain
  2241 | D        | Noticed a stone giant
  2242 | D        | Noticed a yaktaur captain
  2244 | D        | Noticed a deep troll shaman
  2246 | D        | Killed a stone giant
  2246 | D        | Received a gift from Trog
  2246 | D        | Killed an ice dragon
  2246 | D        | Killed a spriggan berserker
  2246 | D        | Received a gift from Trog
  2246 | D        | Killed a stone giant
  2247 | D        | Noticed a stone giant
  2249 | D        | Noticed a fire giant
  2251 | D        | Noticed a frost giant
  2253 | D        | Noticed a spriggan air mage
  2254 | D        | Killed a deep elf summoner
  2254 | D        | Received a gift from Trog
  2254 | D        | Gained mutation: You resist negative energy. [level up]
  2254 | D        | Reached XP level 14. HP: 112/151 MP: 26/26
  2254 | D        | Killed a deep troll shaman
  2254 | D        | Killed a yaktaur captain
  2260 | D        | Killed a stone giant
  2262 | D        | Killed a frost giant
  2268 | D        | Noticed a fire giant
  2315 | D        | Killed a fire giant
  2315 | D        | Received a gift from Trog
  2332 | D        | Killed a spriggan air mage
  2402 | D        | Killed a fire giant
  2402 | D        | Received a gift from Trog
  2501 | D        | Noticed a salamander
  2501 | D        | Noticed a centaur warrior
  2501 | D        | Noticed a giant orange brain
  2501 | D        | Noticed an ogre mage
  2501 | D        | Noticed a centaur warrior
  2501 | D        | Noticed a wolf spider
  2501 | D        | Noticed a vault warden
  2504 | D        | Killed a salamander
  2505 | D        | Noticed a cyclops
  2505 | D        | Killed a centaur warrior
  2505 | D        | Killed an ogre mage
  2505 | D        | Reached skill level 26 in Evocations
  2505 | D        | Killed a giant orange brain
  2506 | D        | Noticed an ironheart preserver
  2507 | D        | Noticed a purple ugly thing
  2507 | D        | Killed a centaur warrior
  2508 | D        | Killed a cyclops
  2511 | D        | Noticed a vault warden
  2511 | D        | Killed a wolf spider
  2511 | D        | Received a gift from Trog
  2511 | D        | Killed a vault warden
  2511 | D        | Reached skill level 27 in Evocations
  2512 | D        | Noticed a deep elf conjurer
  2514 | D        | Noticed a vault sentinel
  2514 | D        | Killed an ironheart preserver
  2514 | D        | Killed a purple ugly thing
  2515 | D        | Noticed an ice dragon
  2517 | D        | Killed a vault warden
  2518 | D        | Noticed an ironbrand convoker
  2518 | D        | Killed a deep elf conjurer
  2519 | D        | Killed a vault sentinel
  2519 | D        | Received a gift from Trog
  2520 | D        | Noticed an orc knight
  2520 | D        | Killed an ice dragon
  2520 | D        | Received a gift from Trog
  2523 | D        | Killed an ironbrand convoker
  2532 | D        | Noticed a vault sentinel
  2537 | D        | Killed an orc knight
  2539 | D        | Noticed a yaktaur
  2541 | D        | Killed a vault sentinel
  2543 | D        | Noticed a yaktaur
  2544 | D        | Killed a yaktaur
  2547 | D        | Killed a yaktaur
  2548 | D        | Noticed a yaktaur captain
  2551 | D        | Killed a yaktaur captain
  2551 | D        | Received a gift from Trog
  2552 | D        | Noticed an ice dragon
  2557 | D        | Killed an ice dragon
  2581 | D        | Received a gift from Trog
  2591 | D        | Gained mutation: Armour fits poorly on your strangely shaped body. [mutagenic meat]
  2592 | D        | Gained mutation: You have large cloven feet. [mutagenic meat]
  2593 | D        | Lost mutation: Armour fits poorly on your strangely shaped body. [potion of cure mutation]
  2593 | D        | Lost mutation: You tend to lose your temper in combat. [potion of cure mutation]
  2593 | D        | Lost mutation: You have large cloven feet. [potion of cure mutation]
  2642 | D        | Noticed Mara
  2657 | D        | Noticed BluebellGnoll's illusion
  2674 | D        | Noticed Jory
  2682 | D        | Killed BluebellGnoll's illusion
  2682 | D        | Killed Jory
  2700 | D        | Noticed a redback
  2702 | D        | Killed a redback
  2726 | D        | Noticed Mennas
  2764 | D        | HP: 8/166 [Mennas/scimitar of holy wrath (10)]
  2765 | D        | Slain by Mennas

Action                   |  1- 3 |  4- 6 |  7- 9 | 10-12 | 13-15 || total
-------------------------+-------+-------+-------+-------+-------++-------
Melee: Hand axe          |    32 |       |       |       |       ||    32
       Broad axe         |       |     6 |    31 |    27 |       ||    64
       Battleaxe         |       |       |       |     5 |    57 ||    62
Throw: Javelin           |       |       |     7 |    42 |    96 ||   145
       Tomahawk          |       |       |       |    46 |     9 ||    55
Invok: Trog's Hand       |     1 |     2 |     3 |     9 |    10 ||    25
       Berserk           |     1 |       |       |       |       ||     1
       Brothers in Arms  |       |     1 |       |       |     2 ||     3
 Abil: Device Recharging |       |       |     1 |     6 |     8 ||    15
       Evoke Invisibilit |       |       |       |     2 |     3 ||     5
Evoke: Wand              |       |     1 |     9 |    40 |    58 ||   108
  Use: Potion            |     1 |       |       |       |     4 ||     5
       Scroll            |       |       |     2 |     1 |     3 ||     6
 Stab: Invisible         |       |       |       |       |     2 ||     2
       Distracted        |       |       |       |       |     1 ||     1
  Eat: Chunk             |       |       |     1 |     7 |     9 ||    17
